cohdb
Replays
Latest Replays
All Replays
Popular Replays
Top Player Replays
Match Explorer
How It Works
Community
CoH3 Stats
Reddit
Sign in to upload your games and track your stats! →
Sign in with Steam
Match 38679359
Unlisted
Match 38679359
Overview
Messages
Build Orders
End
Panzergrenadier Squad
250 Light Carrier
Construct Light Support Kompanie
Assault Grenadier Squad
2.5-tonne Medical Truck
Kradschützen Motorcycle Team
Combat Half-tracks
Fire Support Elements
Panzerjäger Mechanized Group
Kradschützen Motorcycle Team
Flakvierling Half-track
le.IG 18 Support Gun Team
Tungsten Core Ammunition
Construct Mechanized Kompanie
Pak 38 Mechanized Group
Construct Panzerarmee Kommand
Flak 36 Anti-tank Gun Team
Panzerjäger Squad
Armored Reserves
MG34 Team
Rapid Advance
ChiefRedSkins
Turtleboy
0
0
Comments
sign in to comment!
No comments posted yet!